 Dungeon Crawl Stone Soup version 0.18.1-50-g88ac8fd (webtiles) character file.

37 Chiseanne the Gusty (level 3, 0/26 HPs)
             Began as a Centaur Air Elementalist on Oct 9, 2016.
             Slain by a worm (5 damage)
             ... on level 2 of the Dungeon.
             The game lasted 00:03:53 (1382 turns).

Chiseanne the Gusty (Centaur Air Elementalist)      Turns: 1382, Time: 00:03:54

Health: 0/26       AC:  5    Str: 10    XL:     3   Next: 23%
Magic:  2/6        EV:  9    Int: 15    God:
Gold:   77         SH:  0    Dex:  9    Spells: 1 memorised, 5 levels left

rFire  . . .     SeeInvis .     m - +0 short sword
rCold  . . .     Gourm    .     a - +1 robe
rNeg   . . .     Faith    .     (no shield)
rPois  .         Spirit   .     (no helmet)
rElec  .         Dismiss  .     (no cloak)
rCorr  .         Reflect  .     (no gloves)
SustAt .         Harm     .     (no barding)
MR     .....                    (no amulet)
Stlth  +.........               (no ring)
                                (no ring)

@: very slightly contaminated, very quick, not resistant to hostile
enchantments, very unstealthy
A: hooves 3, deformed body, speed 2, tough skin 3
a: no special abilities


You were on level 2 of the Dungeon.
You were not hungry.

You visited 1 branch of the dungeon, and saw 2 of its levels.

You collected 77 gold pieces.

Inventory:

Hand Weapons
 m - a +0 short sword (weapon)
Missiles
 d - 25 arrows
 f - 95 stones (quivered)
 i - 6 tomahawks
Armour
 a - a +1 robe (worn)
Potions
 e - 2 potions of might
 h - a potion of heal wounds
 j - a potion of curing
 n - a potion of agility
Books
 b - a book of Air

   Spells                             Type                      Level
   a - Shock                          Conjuration/Air              1
   b - Swiftness                      Charms/Air                   2
   c - Repel Missiles                 Charms/Air                   2
   d - Static Discharge               Conjuration/Air              3
   e - Lightning Bolt                 Conjuration/Air              5
Comestibles
 c - 2 bread rations
 g - a fruit
 l - a meat ration


   Skills:
 - Level 1.3 Dodging
 - Level 1.2 Stealth
 * Level 2.0 Spellcasting
 * Level 2.0 Conjurations
 * Level 3.0 Air Magic


You had 5 spell levels left.
You knew the following spells:

 Your Spells              Type           Power        Failure   Level  Hunger
a - Shock                 Conj/Air       #...         10%         1    #......


Dungeon Overview and Level Annotations

Branches:
Dungeon (2/15)

Altars:
Ashenzari


Innate Abilities, Weirdness & Mutations

You have hooves in place of feet.
Armour fits poorly on your strangely shaped body.
You cover ground very quickly.
You have extremely tough skin (AC +3).


Message History

The worm is almost dead.
The worm bites you!
You hit the worm but do no damage. You kick the worm.
The worm is almost dead.
You hit the worm.
The worm is almost dead.
The worm bites you.
You barely miss the worm.
The worm is almost dead.
The worm bites you.
You hit the worm.
The worm is almost dead.
You hit the worm.
The worm is almost dead.
The worm bites you.
* * * LOW HITPOINT WARNING * * *
You hit the worm but do no damage. You kick the worm.
The worm is almost dead.
The worm bites you.
You die...

.......<# #######.#
#.# ##. #.# ... ....
#.####.#.# ...
###............
###.###...####.#.#.#
...............#hh.
###.###.########w#
#.# #..@.#
#.#####.####
#)#.......#
###.###.#.###.#.#
.................#
###.###.#...#....#
#.#...#.##.#
#.#...#.. .#
#.#...### #


You could see a worm and 2 jackals.

Vanquished Creatures
  An ooze (D:1)
  A giant gecko (D:1)
  3 bats (D:1)
  A giant cockroach (D:1)
  11 goblins
  2 hobgoblins (D:1)
  A quokka (D:2)
  2 ball pythons (D:1)
  4 giant newts (D:1)
  2 kobolds (D:1)
  A rat (D:1)
29 creatures vanquished.

Notes
Turn   | Place    | Note
--------------------------------------------------------------
     0 | D:1      | Chiseanne the Centaur Air Elementalist began the quest for the Orb.
     0 | D:1      | Reached XP level 1. HP: 14/14 MP: 3/3
     5 | D:1      | Reached skill level 1 in Conjurations
   210 | D:1      | Reached XP level 2. HP: 16/20 MP: 0/4
   757 | D:1      | Reached skill level 3 in Air Magic
   864 | D:1      | Reached XP level 3. HP: 26/26 MP: 3/6
  1047 | D:1      | Found a shattered altar of Ashenzari.
  1382 | D:2      | Slain by a worm

Skill      XL: |  1  2  3 |
---------------+----------+-----
Conjurations   | 1 2 |  2.0
Air Magic      | 3 |  3.0
Spellcasting   | 2 |  2.0
Dodging        | |  1.3
Stealth        | |  1.2

Action                   || total
-------------------------++-------
Melee: Unarmed           ||     7
       Dagger            ||    31
       Kick              ||     9
       Short sword       ||    13
 Cast: Shock             ||    55
  Use: Scroll            ||     7
  Eat: Chunk             ||     2
Armor: Robe              ||    39
Dodge: Dodged            ||    32
